 Dungeon Crawl Stone Soup version 0.27.0-65-ge2af304b15 (webtiles) character file.

Game seed: 7305126069300814332

931 zdrol the Shield-Bearer (level 7, -5/61 HPs)
             Began as a Minotaur Fighter on Aug 18, 2021.
             Slain by a scorpion (6 damage)
             ... on level 6 of the Dungeon on Aug 19, 2021.
             The game lasted 00:26:05 (3765 turns).

zdrol the Shield-Bearer (Minotaur Fighter)          Turns: 3765, Time: 00:26:06

Health: -5/61      AC:  7    Str: 22    XL:     7   Next: 86%
Magic:  6/6        EV:  9    Int:  5    God:
Gold:   300        SH: 10    Dex: 10    Spells: 6/6 levels left

rFire    . . .     SeeInvis .   a - +0 long sword
rCold    . . .     Faith    .   c - +0 kite shield
rNeg     . . .     Spirit   .   b - +0 scale mail
rPois    .         Reflect  .   (helmet restricted)
rElec    .         Harm     .   (no cloak)
rCorr    .         Rampage  .   (no gloves)
Will     .....                  (no boots)
Stlth    ..........             (no amulet)
HPRegen  0.20/turn              (no ring)
MPRegen  0.10/turn              (no ring)

@: lethally poisoned (-5 -> -27), attractive, flying
A: horns 2, retaliatory headbutt
a: no special abilities


You were on level 6 of the Dungeon.
You visited 1 branch of the dungeon, and saw 6 of its levels.

You collected 300 gold pieces.

Inventory:

Hand Weapons
 a - a +0 long sword (weapon)
 i - a +2 vorpal spear
Armour
 b - a +0 scale mail (worn)
 c - a +0 kite shield (worn)
Magical Staves
 x - a staff of cold
Jewellery
 n - a ring of protection from fire
Wands
 o - a wand of digging (4)
Scrolls
 e - 5 scrolls of teleportation {unknown}
 f - 2 scrolls of fear {unknown}
 g - a scroll of immolation {unknown}
 h - a scroll of enchant weapon {unknown}
 j - a scroll of enchant armour {unknown}
 l - 2 scrolls of fog {unknown}
 r - a scroll of noise {unknown}
 s - 2 scrolls of silence {unknown}
 v - a scroll of identify {unknown}
Potions
 d - 2 potions of flight
 k - 2 potions of heal wounds {unknown}
 m - 2 potions of curing {unknown}
 p - 2 potions of brilliance {unknown}
 q - a potion of might
 t - a potion of berserk rage {unknown}
 u - a potion of lignification {unknown}


   Skills:
 + Level 5.2 Fighting
 + Level 6.3 Long Blades
 + Level 6.4 Armour
 + Level 2.2 Dodging
 + Level 0.3 Stealth
 + Level 6.5 Shields


You had 6 spell levels left.
You didn't know any spells.
Your spell library contained the following spells:

 Spells                   Type           Power      Damage    Failure   Level
 Freeze                   Ice            0%         1d3       98%         1
 Summon Small Mammal      Summ           0%         N/A       98%         1
 Corpse Rot               Necr/Air       N/A        N/A       99%         2
 Poisonous Vapours        Pois/Air       0%         N/A       99%         2
 Slow                     Hex            0%         N/A       99%         2
 Call Canine Familiar     Summ           0%         N/A       100%        3
 Confusing Touch          Hex            0%         N/A       100%        3
 Frozen Ramparts          Ice            0%         1d2       100%        3
 Summon Guardian Golem    Hex/Summ       0%         N/A       100%        3
 Hailstorm                Conj/Ice       0%         3d3       100%        4
 Fireball                 Conj/Fire      0%         3d3       100%        5
 Freezing Cloud           Conj/Ice/Air   0%         6-21      100%        5
 Yara's Violent Unravell  Hex/Tmut       0%         3d3       100%        5
 Starburst                Conj/Fire      0%         6d3       100%        6
 Ignition                 Fire           0%         3d3       100%        8


Dungeon Overview and Level Annotations

Branches:
Dungeon (6/15)
 Temple: D:4-7

Altars:
Makhleb

Shops:
D:2 :


Innate Abilities, Weirdness & Mutations

You have a pair of horns on your head.
You reflexively headbutt those who attack you in melee.


Message History

You feel very sick. The scorpion closely misses you.
You riposte.
You barely miss the scorpion. The scorpion stings you.
You are more poisoned.
The scorpion poisons you!
You hit the scorpion.
The scorpion is moderately wounded.
You feel very sick. The scorpion barely misses you.
You hit the scorpion but do no damage.
The scorpion is moderately wounded.
You feel very sick. The scorpion stings you.
You are lethally poisoned!
The scorpion poisons you! The scorpion stings you.
It was a potion of flight.
You feel very buoyant.
You fly up into the air.
* * * LOW HITPOINT WARNING * * *
You feel very sick. The scorpion closely misses you. You furiously retaliate!
You headbutt the scorpion, but do no damage.
You riposte.
You slash the scorpion! Your headbutt misses the scorpion.
The scorpion is severely wounded.
You barely miss the scorpion. Your headbutt misses the scorpion.
The scorpion is severely wounded.
* * * LOW HITPOINT WARNING * * *
You feel very sick. The scorpion stings you.
* * * LOW HITPOINT WARNING * * *
The scorpion stings you.
* * * LOW HITPOINT WARNING * * *
You are more poisoned.
The scorpion poisons you!
It was a potion of attraction.
You feel attractive to monsters.
* * * LOW HITPOINT WARNING * * *
You feel very sick. The scorpion stings you.
You die...

#.##
#.########
#.# #.# #.#
#.# #.# #.#
#.# #.# #.#
#.# #.# #.#
#.#
#########.#
#####.#
#......s@.#
......#
#.#########
####### #<#
######.#
#......#
####.######
...>.#
######


You could see a scorpion.

Vanquished Creatures
  Eustachio (D:4)
  2 black bears
  A necrophage (D:5)
  An ogre (D:4)
  A hound (D:5)
  An orc priest (D:4)
  A bullfrog skeleton (D:4)
  A centaur skeleton (D:5)
  Jessica (D:3)
  An iguana (D:5)
  Natasha (thrice) (D:3)
  A scorpion zombie (D:5)
  A killer bee zombie (D:5)
  A hound skeleton (D:4)
  3 gnolls (D:3)
  2 adders
  A white imp (D:5)
  A worm (D:4)
  A dart slug (D:1)
  11 orcs
  11 endoplasms
  A giant cockroach (D:1)
  6 goblins
  2 hobgoblins (D:1)
  14 jackals
  6 kobolds
  2 quokkas
  9 ball pythons
  6 bats
  2 frilled lizards
  A quokka skeleton (D:4)
  7 rats
103 creatures vanquished.

Notes
Turn   | Place    | Note
-------+----------+-------------------------------------------
     0 | D:1      | zdrol the Minotaur Fighter began the quest for the Orb.
     0 | D:1      | Reached XP level 1. HP: 19/19 MP: 0/0
    81 | D:1      | Reached XP level 2. HP: 19/27 MP: 1/1
   317 | D:1      | Reached XP level 3. HP: 28/33 MP: 2/2
  1080 | D:2      | Found Diumidyrou's Book Boutique.
  1317 | D:3      | Reached XP level 4. HP: 28/40 MP: 3/3
  1737 | D:4      | Noticed Eustachio
  1782 | D:4      | Killed Eustachio
  1783 | D:4      | Reached skill level 5 in Armour
  1783 | D:4      | Reached skill level 1 in Dodging
  1783 | D:4      | Reached skill level 5 in Shields
  1783 | D:4      | Reached XP level 5. HP: 29/47 MP: 4/4
  1827 | D:4      | Noticed an ogre
  1833 | D:4      | Killed an ogre
  1834 | D:4      | Reached XP level 6. HP: 20/53 MP: 5/5
  2185 | D:4      | Reached skill level 5 in Long Blades
  2302 | D:3      | Noticed Natasha
  2317 | D:3      | Killed Natasha
  2340 | D:3      | Noticed Natasha
  2345 | D:3      | Killed Natasha
  2352 | D:3      | Noticed Natasha
  2358 | D:3      | Killed Natasha
  2487 | D:3      | Noticed Jessica
  2506 | D:3      | Killed Jessica
  2507 | D:3      | Reached XP level 7. HP: 59/60 MP: 6/6
  2982 | D:4      | Found a burning altar of Makhleb.
  3003 | D:5      | Entered Level 5 of the Dungeon
  3368 | D:5      | Reached skill level 5 in Fighting
  3765 | D:6      | HP: 1/61 [poisoned by a scorpion]
  3765 | D:6      | Slain by a scorpion

Illustrated notes

Levels and vault maps discovered:
D:1:      sevenhm_arrival_forest_fort_small_4, layout_loops_ring, minmay_cupped
D:2:      layout_basic, shapermc_ecumenical_altar_mp_urbaneastern, serial_shops,
          shop
D:3:      layout_basic, nrook_loot_triangle, uniq_jessica, uniq_natasha
D:4:      layout_loops_ring, mainiacjoe_overflow_alcove_1, uniq_eustachio
D:5:      layout_rooms
D:6:      layout_loops_ring, minmay_temple_entry_sparse_star, uniq_grinder

Skill      XL: |  1  2  3  4  5  6  7 |
---------------+----------------------+-----
Armour         | 4 5 6 |  6.4
Fighting       | 4 5 |  5.2
Shields        | 4 5 6 |  6.5
Long Blades    | 3 4 5 6 |  6.3
Dodging        | 1 2 |  2.2
Stealth        | |  0.3

Action                   |  1- 3 |  4- 6 |  7- 9 || total
-------------------------+-------+-------+-------++-------
Melee: Long sword        |   123 |   119 |    57 ||   299
       Headbutt          |    14 |    25 |    10 ||    49
  Use: Potion            |       |     1 |     2 ||     3
Armor: Scale mail        |    66 |    52 |    26 ||   144
Dodge: Dodged            |    33 |    43 |    25 ||   101
Block: Kite shield       |    83 |    78 |    30 ||   191
       Rpst.: Long sword |     6 |     8 |     8 ||    22
